 Dungeon Crawl Stone Soup version 0.27-a0-951-gae3e1deef5 (webtiles) character file.

Game seed: 8426014236525061713

84 mhtbhm the Digger (level 4, -1/24 HPs)
             Began as a Gargoyle Earth Elementalist on Apr 11, 2021.
             Slain by a gnoll
             ... wielding a +0 whip
              (2 damage)
             ... on level 3 of the Dungeon.
             The game lasted 00:03:31 (3218 turns).

mhtbhm the Digger (Gargoyle Earth Elementalist)     Turns: 3218, Time: 00:03:32

Health: -1/24      AC:  5    Str: 12    XL:     4   Next: 46%
Magic:  1/8        EV: 12    Int: 16    God:
Gold:   116        SH:  0    Dex: 10    Spells: 2/8 levels left

rFire    . . .     SeeInvis .   a - +0 mace
rCold    . . .     Faith    .   (no shield)
rNeg     + . .     Spirit   .   c - +0 robe
rPois    ∞         Reflect  .   (no helmet)
rElec    +         Harm     .   (no cloak)
rCorr    +         Rampage  .   (no gloves)
Will     .....                  (no boots)
Stlth    ++........             (no amulet)
HPRegen  0.08/turn              f - ring of resist corrosion
MPRegen  0.11/turn              (no ring)

@: attractive
A: AC +3, negative energy resistance 1, electricity resistance, torment
resistance 1, unbreathing 1, petrification resistance
a: no special abilities


You were on level 3 of the Dungeon.
You visited 1 branch of the dungeon, and saw 3 of its levels.

You collected 116 gold pieces.

Inventory:

Hand Weapons
 a - a +0 mace (weapon)
Missiles
 b - 106 stones
 j - 2 silver javelins
 k - 7 poisoned darts
Armour
 c - a +0 robe (worn)
Jewellery
 f - a ring of resist corrosion (left hand)
Scrolls
 d - a scroll of noise {unknown}
 e - a scroll of teleportation {unknown}
 i - a scroll of identify {unknown}
 m - a scroll of fog {unknown}
 n - a scroll of blinking {unknown}
Potions
 g - a potion of attraction
 l - a potion of haste {unknown}
 o - a potion of flight {unknown}


   Skills:
 + Level 0.6 Fighting
 + Level 1.2 Maces & Flails
 + Level 1.9 Dodging
 - Level 2.1 Stealth
 + Level 2.7 Spellcasting
 + Level 0.8 Transmutations
 + Level 4.8 Earth Magic


You had 2 spell levels left.
You knew the following spells:

 Your Spells              Type           Power      Damage    Failure   Level
a - Sandblast             Erth           34%        2d9       2%          1
b - Passwall              Tmut/Erth      9%         N/A       9%          2
c - Stone Arrow           Conj/Erth      18%        3d8       22%         3

Your spell library contained the following spells:

 Spells                   Type           Power      Damage    Failure   Level
 Petrify                  Tmut/Erth      11%        N/A       52%         4
 Lee's Rapid Deconstruct  Erth           8%         3d8*      58%         5


Dungeon Overview and Level Annotations

Branches:
Dungeon (3/15)

Altars:
Cheibriados


Innate Abilities, Weirdness & Mutations

Your stone body is resilient. (AC +3)
You are immune to poison.
You resist negative energy. (rN+)
You are resistant to electric shocks. (rElec)
You are resistant to unholy torment.
You can survive without breathing.
You are immune to petrification.


Message History

Aim: a gnoll, wielding a +0 flail (severely wounded, 18% to evade)
Okay, then.
Casting: Sandblast (safe; 2% risk of failure)
Confirm with . or Enter, or press ? or * to list all spells.
Aiming: Sandblast (safe; 2% risk of failure)
Press: ? - help, Shift-Dir - straight line, f/p - gnoll
Aim: a gnoll, wielding a +0 flail (severely wounded, 18% to evade)
The blast of sand hits the gnoll.
You kill the gnoll!
The gnoll is pulled toward you! x2
Unknown command.
Casting: Sandblast (safe; 2% risk of failure)
Confirm with . or Enter, or press ? or * to list all spells.
Aiming: Sandblast (safe; 2% risk of failure)
Press: ? - help, Shift-Dir - straight line, f - gnoll
Aim: a gnoll, wielding a +0 spear (18% to evade)
The blast of sand hits the gnoll!
You kill the gnoll!
The gnoll is pulled toward you!
Unknown command.
Casting: Sandblast (safe; 2% risk of failure)
Confirm with . or Enter, or press ? or * to list all spells.
Aiming: Sandblast (safe; 2% risk of failure)
Press: ? - help, Shift-Dir - straight line, f - gnoll
Aim: a gnoll, wielding a +0 whip (18% to evade)
The blast of sand hits the gnoll.
The gnoll is moderately wounded.
The gnoll closely misses you. The gnoll barely misses you.
Unknown command.
Casting: Sandblast (safe; 2% risk of failure)
Confirm with . or Enter, or press ? or * to list all spells.
Aiming: Sandblast (safe; 2% risk of failure)
Press: ? - help, Shift-Dir - straight line, f/p - gnoll
Aim: a gnoll, wielding a +0 whip (moderately wounded, 18% to evade)
The blast of sand hits the gnoll.
The gnoll is moderately wounded.
The gnoll hits you from afar with a +0 spear.
* * * LOW HITPOINT WARNING * * *
The gnoll hits you with a +0 whip.
You die...

###...#.# #..#.#
####..#.# #.#
........# #..#.#
#####.#######.<#.#
##### #..........#.#
#....
#####..##.###..#.#
#....
#.......#.###..#.#
#....
....#..........#.#
#....
....#...#).#...#@#
#.... ...
#.#........#g# #....
..
#.#.#.###."#g######
####.... ..
#.#[#...............
........
#.#........#........
........
#.#####.##########
###.....
...............
........
###.###.......##
###.#### #.......+
...


You could see 2 gnolls.

Vanquished Creatures
  2 gnolls (D:3)
  An adder (D:3)
  2 worms (D:2)
  2 orcs (D:3)
  2 ball pythons (D:1)
  3 bats
  2 endoplasms (D:1)
  5 giant cockroaches
  5 hobgoblins
  4 jackals (D:1)
  A quokka (D:1)
  2 frilled lizards (D:1)
  3 goblins
  9 kobolds
  2 rats (D:1)
45 creatures vanquished.

Notes
Turn   | Place    | Note
-------+----------+-------------------------------------------
     0 | D:1      | mhtbhm the Gargoyle Earth Elementalist began the quest for
                  | the Orb.
     0 | D:1      | Reached XP level 1. HP: 10/10 MP: 3/3
   252 | D:1      | Reached skill level 4 in Earth Magic
   252 | D:1      | Reached XP level 2. HP: 8/15 MP: 3/5
  1053 | D:1      | Reached XP level 3. HP: 7/19 MP: 2/6
  1549 | D:1      | Learned a level 2 spell: Passwall
  1553 | D:1      | Learned a level 3 spell: Stone Arrow
  1935 | D:2      | Found a faded altar of an unknown god.
  2584 | D:2      | Found a snail-covered altar of Cheibriados.
  3010 | D:3      | Reached skill level 1 in Maces & Flails
  3010 | D:3      | Reached XP level 4. HP: 22/24 MP: 7/7
  3218 | D:3      | HP: 1/24 [gnoll/+0 spear (4)]
  3218 | D:3      | Slain by a gnoll

Illustrated notes

Levels and vault maps discovered:
D:1:      minmay_arrival_five_plusses, layout_basic
D:2:      layout_rooms, basic_altar, basic_ecumenical_altar, eino_curves_01,
          minivault_23
D:3:      layout_basic, uniq_crazy_yiuf_cottage

Skill      XL: |  1  2  3 |
---------------+----------+-----
Earth Magic    | 4 |  4.8
Maces & Flails | 1 |  1.2
Fighting       | |  0.6
Dodging        | |  1.9
Stealth        | |  2.1
Spellcasting   | |  2.7
Transmutations | |  0.8

Action                   |  1- 3 |  4- 6 || total
-------------------------+-------+-------++-------
Melee: Unarmed           |    10 |       ||    10
       Club              |   110 |       ||   110
       Mace              |     5 |    18 ||    23
 Cast: Sandblast         |    27 |     7 ||    34
  Use: Potion            |       |     2 ||     2
 Stab: Sleeping          |     4 |       ||     4
Armor: Robe              |    56 |    10 ||    66
Dodge: Dodged            |    98 |    23 ||   121

Table legend: (Time is in decaauts)
 A = Elapsed time spent in this place.
 B = Non-inter-level travel time spent in this place.
 C = Inter-level travel time spent in this place.
 D = Time resting spent in this place.
 E = Time spent auto-exploring this place.
 F = Levels seen in this place.
 G = Mean time per level.
                   A        B        C        D        E       F      G
               +--------+--------+--------+--------+--------+-----+--------+
         Total |   3254 |   3240 |     14 |    983 |   1775 |   3 | 1084.7 |
       Dungeon |   3254 |   3240 |     14 |    983 |   1775 |   3 | 1084.7 |
               +--------+--------+--------+--------+--------+-----+--------+

Top non-repeatable levels by time:
     D:1: 1887 daAuts
     D:2: 1107 daAuts
     D:3: 259 daAuts
